 Dungeon Crawl Stone Soup version 0.29-a0-509-g793eeb5391 (webtiles) character file.

Game seed: 6038964817758049462

139492 Lekart the Warrior (level 16, -10/170 (172) HPs)
             Began as a Pale Draconian Chaos Knight on May 29, 2022.
             Was a Plaything of Xom.
             Mangled by a +4 glaive of protection (20 damage)
             ... on level 2 of the Elven Halls.
             The game lasted 01:25:53 (31992 turns).

Lekart the Warrior (Pale Draconian Chaos Knight)   Turns: 31992, Time: 01:25:53

HP:   -10/170 (172) AC: 20    Str: 25    XL:     16   Next: 73%
MP:   14/22         EV: 20    Int: 14    God:    Xom [*.....]
Gold: 2093          SH: 19    Dex: 22    Spells: 21/23 levels left

rFire   + . .      SeeInvis +   d - +10 rapier of Imbalance {spect, rElec Str+4 Dex+2}
rCold   + + .      Faith    .   X - +0 kite shield {rC+}
rNeg    + . .      Spirit   .   (body armour unavailable)
rPois   .          Reflect  +   N - +2 hat
rElec   +          Harm     .   q - +2 cloak {Will+}
rCorr   .          Rampage  .   Z - +2 pair of gloves {infuse}
Will    ++...                   W - +2 pair of boots {Fly}
Stlth   ++........              D - amulet of reflection
HPRegen 0.38/turn               O - ring of Suspected Treachery {rF+ Str+6 Dex+3 SInv}
MPRegen 0.18/turn               k - ring of positive energy

@: about to teleport, flying, studying Maces & Flails, lightly drained
A: breathe steam, AC +9, unfitting armour, cold-blooded, steam resistance, fangs
1, cold resistance 1, passive freeze, robust 1, wild magic 1, MP-powered wands
a: Breathe Steam, Renounce Religion


You were on level 2 of the Elven Halls.
You worshipped Xom.
You were a special plaything of Xom.
You visited 5 branches of the dungeon, and saw 26 of its levels.
You also visited: Ice Cave.

You collected 2815 gold pieces.
You spent 722 gold pieces at shops.

Inventory:

Hand Weapons
 a - a +7 falchion of chaos
 d - the +10 rapier of Imbalance (weapon) {spect, rElec Str+4 Dex+2}
   (You found it on level 5 of the Dungeon)

   When its wielder attacks, the weapon's spirit leaps out and strikes again.
   The spirit shares a part of any damage it takes with its wielder.
   Str:       It affects your strength (+4).
   Dex:       It affects your dexterity (+2).
   rElec:     It insulates you from electricity.
 U - the +6 arbalest "Damnation" {damnation}
   (You found it on level 14 of the Dungeon)

   Any ammunition fired from it explodes in a burst of damnation on striking a
   foe, dealing damage which bypasses armour.
Missiles
 o - 34 poisoned darts (quivered)
 B - 3 throwing nets
 F - 5 silver javelins
 Q - 2 javelins
Armour
 q - a +2 cloak of willpower (worn)
 N - a +2 hat (worn)
 W - a +2 pair of boots of flying (worn)
 X - a +0 kite shield of cold resistance (worn)
 Z - a +2 pair of gloves of infusion (worn)
Jewellery
 b - a +6 ring of intelligence
 k - a ring of positive energy (right hand)
 l - a +6 ring of strength
 s - a ring of willpower
 D - an amulet of reflection (around neck)
 L - a ring of protection from fire
 O - a ring of Suspected Treachery (left hand) {rF+ Str+6 Dex+3 SInv}
   (Xom gifted it to you on level 6 of the Lair of Beasts)

   [ring of strength]

   Str:       It affects your strength (+6).
   Dex:       It affects your dexterity (+3).
   rF:        It protects you from fire.
   SInv:      It lets you see invisible.
 S - a ring of protection from cold
Wands
 c - a wand of flame (22)
 f - a wand of charming (5)
 v - a wand of mindburst (3)
 z - a wand of iceblast (7)
 K - a wand of polymorph (7)
 R - a wand of acid (3)
 T - a wand of paralysis (7)
Scrolls
 x - 5 scrolls of magic mapping
 y - 2 scrolls of teleportation
 A - 8 scrolls of amnesia
 H - 5 scrolls of fog
 J - 3 scrolls of immolation
 M - 2 scrolls of blinking
 P - a scroll of summoning
Potions
 e - 9 potions of curing
 g - 4 potions of brilliance
 h - 3 potions of ambrosia
 i - 6 potions of might
 m - a potion of degeneration {unknown}
 n - 5 potions of haste
 p - a potion of resistance
 r - 6 potions of heal wounds
 u - 2 potions of cancellation
 G - 8 potions of invisibility
 I - 4 potions of magic
Miscellaneous
 w - a phial of floods
 V - a phantom mirror
 Y - a condenser vane


   Skills:
 - Level 17.6 Fighting
 - Level 15.0(15.6) Short Blades
 - Level 7.3(12.1) Long Blades
 - Level 3.1 Crossbows
 - Level 8.2 Throwing
 - Level 11.1 Dodging
 + Level 11.8 Shields
 * Level 4.4 Spellcasting
 * Level 4.8 Transmutations
 - Level 6.2 Evocations


You had 21 spell levels left.
You knew the following spells:

 Your Spells              Type           Power      Damage    Failure   Level
a - Wereblood             Tmut           21%        N/A       12%         2

Your spell library contained the following spells:

 Spells                   Type           Power      Damage    Failure   Level
 Beastly Appendage        Tmut           42%        N/A       9%          1
 Apportation              Tloc           8%         N/A       45%         1
 Foxfire                  Conj/Fire      16%        2x1d4     45%         1
 Necrotize                Necr           16%        1d4       45%         1
 Summon Small Mammal      Summ           16%        N/A       45%         1
 Spider Form              Tmut/Pois      12%        N/A       47%         3
 Call Imp                 Summ           4%         N/A       58%         2
 Scorch                   Fire           8%         2d5       58%         2
 Sublimation of Blood     Necr           4%         N/A       58%         2
 Ignite Poison            Fire/Tmut/Pois 9%         N/A       61%         3
 Conjure Flame            Conj/Fire      4%         6-21      82%         3
 Dazzling Flash           Conj/Hex       8%         N/A       82%         3
 Gell's Gravitas          Tloc           4%         N/A       82%         3
 Lesser Beckoning         Tloc           4%         N/A       82%         3
 Mephitic Cloud           Conj/Pois/Air  4%         N/A       82%         3
 Ozocubu's Armour         Ice            4%         N/A       82%         3
 Portal Projectile        Hex/Tloc       8%         N/A       82%         3
 Teleport Other           Tloc           4%         N/A       82%         3
 Tukima's Dance           Hex            4%         N/A       82%         3
 Blade Hands              Tmut           10%        N/A       87%         5
 Flame Wave               Conj/Fire      4%         2d5       99%         4
 Iskenderun's Mystic Bla  Conj/Tloc      4%         2d3       99%         4
 Sticky Flame             Conj/Fire      4%         2d3       99%         4
 Lightning Bolt           Conj/Air       2%         1d13      100%        5
 Metabolic Englaciation   Hex/Ice        2%         N/A       100%        5
 Iron Shot                Conj/Erth      2%         9d2       100%        6
 Simulacrum               Ice/Necr       2%         N/A       100%        6
 Starburst                Conj/Fire      2%         6d3       100%        6
 Summon Cactus Giant      Summ           2%         N/A       100%        6
 Haunt                    Necr/Summ      2%         N/A       100%        7
 Summon Hydra             Summ           2%         N/A       100%        7
 Chain Lightning          Conj/Air       2%         3d2       100%        9


Dungeon Overview and Level Annotations

Branches:
Dungeon (15/15)            Temple (1/1) D:4            Lair (6/6) D:11
  Swamp (0/4) Lair:4       Spider (0/4) Lair:4        Slime (0/5) Lair:6
    Orc (2/2) D:10            Elf (2/3) Orc:2        Vaults (0/5) D:14
 Depths (0/4) D:15          IceCv (visited)

Altars:
Ashenzari
Cheibriados
Dithmenos
Elyvilon
Fedhas
Gozag
Hepliaklqana
Kikubaaqudgha
Makhleb
Nemelex Xobeh
Okawaru
Qazlal
Ru
Sif Muna
Trog
Uskayaw
Vehumet
Wu Jian
Xom
Yredelemnul
Zin
The Shining One
Beogh
Jiyva

Shops:
D:11 [   D:15 =   Orc:2 [=![!

Portals:
Ice
Cave: Lair:4

Annotations:
D:3 exclusion: downstairs
D:4 2 transporters, Numlok's ghost, weakling DsDe
D:14 exclusion: downstairs
Orc:1 1 runed translucent door, Zoha Hau's ghost, journeyman DsAK
Elf:2 1 runed translucent door, Kerestru's ghost, adept GrFi


Innate Abilities, Weirdness & Mutations

You can breathe blasts of scalding, opaque steam.
Your pale cyan-grey scales are hard. (AC +9)
You cannot fit into any form of body armour.
You are cold-blooded and may be slowed by cold attacks.
You are immune to the effects of steam.
You have very sharp teeth.
Your flesh is cold resistant. (rC+)
A frigid envelope surrounds you and freezes all who hurt you.
You are robust. (+10% HP)
Your spells are a little harder to cast, but a little more powerful.
You expend magic power (3 MP) to strengthen your wands.


Message History

The deep elf knight points at you and mumbles some strange words.
The shard of ice hits you! You partially resist.
The deep elf knight is engulfed in a cloud of scalding steam.
The deep elf knight points at you and mumbles some strange words.
The shard of ice misses you.
A +5 vampiric halberd comes into view.
The deep elf knight is engulfed in a cloud of scalding steam.
The deep elf knight is engulfed in a cloud of scalding steam.
The deep elf pyromancer casts a spell at you.
The bolt of fire misses the deep elf knight.
The bolt of fire hits the +5 eveningstar of electrocution.
The +5 eveningstar of electrocution resists.
The bolt of fire misses the +4 glaive of protection.
The bolt of fire hits you! You resist.
The deep elf knight attacks as you move away!
The deep elf knight hits you with a +0 long sword.
The deep elf knight is very cold.
You kill the deep elf knight!
You have got your breath back.
The +4 glaive of protection hits you from afar!
* * * LOW HITPOINT WARNING * * *
The deep elf pyromancer casts a spell.
The deep elf pyromancer blinks!
As you read the scroll of teleportation, it crumbles to dust.
You feel strangely unstable.
You block the +5 eveningstar of electrocution's attack.
The +4 glaive of protection hits you but does no damage.
You block the deep elf knight's attack.
The deep elf pyromancer gestures at you while chanting.
The sticky flame hits you but does no damage.
You are covered in liquid flames!
The +5 eveningstar of electrocution hits you!!
* * * LOW HITPOINT WARNING * * *
The +5 eveningstar of electrocution completely resists.
You are covered in liquid flames!
* * * LOW HITPOINT WARNING * * *
The deep elf pyromancer gestures wildly while chanting.
The +4 glaive of protection hits you from afar!!
You die...
Xom titters!

...........##
#............##.
...........#
#.⌠..........##. .....#
#...........##.. ......#
#........).####. .......
#.........## #.
.......##.....⌠..## #.
...........')).....## #.
...........''####### ##
..........@..### ####
.........(e..E.## #...##
.........(.(.Ee.###.....##
.........................#
................).........
..........................
..e.........)....☼........
###.............)........#
##............).......#


You could see a deep elf knight (fast, invisible), a deep elf pyromancer, 2 fire
elementals and 3 dancing weapons.

Vanquished Creatures
  Rupert (D:14)
  A frost giant (IceCv)
  2 deep elf demonologists (Elf:1)
  A dire elephant (Lair:4)
  An ettin (D:14)
  A vault guard (D:14)
  3 boulder beetles
  6 hydras
  3 ogre magi (Orc:2)
  An anaconda (Lair:4)
  A centaur warrior (D:13)
  9 death yaks
  8 two-headed ogres
  17 dancing weapons
  A tengu warrior (D:14)
  The ghost of Serus the Cleaver, a novice DsGl (D:8)
  Nergalle (Orc:2)
  8 deep elf knights
  A hell knight (D:15)
  A fire crab (Lair:4)
  3 skeletal warriors
  2 deep trolls (D:15)
  A swamp dragon (Lair:4)
  A wizard (D:15)
  8 deep elf archers
  A lindwurm (Lair:1)
  2 necromancers (D:15)
  An orc knight (Orc:1)
  9 deep elf zephyrmancers
  14 deep elf pyromancers
  An oklob plant (Lair:6)
  6 cyclopes
  11 ugly things
  A manticore (D:12)
  13 elephants
  6 orc sorcerers
  10 slime creatures
  3 black mambas
  Joseph (Lair:1)
  An ice statue (IceCv)
  2 unseen horrors
  9 cane toads
  A kobold demonologist (D:14)
  A hellion (D:14)
  3 freezing wraiths
  4 yaktaurs
  10 komodo dragons
  A yaktaur (shapeshifter) (Elf:2)
  12 rime drakes
  2 efreet (D:14)
  A wolf spider simulacrum (D:14)
  A polar bear (shapeshifter) (D:14)
  3 meliai (D:14)
  4 trolls
  2 raiju (D:10)
  4 hornets
  11 polar bears
  11 dream sheep
  19 blink frogs
  2 air elementals (Elf:2)
  2 shadows
  80 yaks
  13 spriggans (Lair:6)
  5 wraiths
  4 wyverns
  2 vampires
  A spriggan (shapeshifter) (D:14)
  2 water elementals
  3 fire elementals (D:14)
  2 redbacks (Lair:4)
  13 vampire mosquitoes
  2 steam dragons
  9 basilisks
  5 wargs
  A hell hound (D:14)
  4 acid dragons
  20 water moccasins
  An ice beast (D:6)
  12 orc warriors
  10 black bears
  7 ogres
  5 boggarts
  34 wolves
  7 centaurs
  2 phantoms
  4 kobold brigands
  17 bullfrogs
  2 necrophages
  An earth elemental (Elf:1)
  2 gnoll sergeants
  4 scorpions
  3 killer bees (D:9)
  An electric eel (Lair:1)
  10 orc priests
  2 hounds
  A jelly (D:8)
  A gnoll shaman (D:9)
  31 orc wizards
  2 iguanas
  8 adders
  23 gnolls
  2 shadow imps
  13 white imps
  A worm (D:4)
  The ghost of Numlok the Sneak, a weakling DsDe (D:3)
  3 dart slugs
  50 orcs
  6 endoplasms
  A giant cockroach (D:4)
  2 hobgoblins (D:3)
  9 jackals
  5 quokkas
  6 ball pythons
  6 bats
  2 frilled lizards (D:3)
  6 goblins
  26 kobolds
  3 rats
766 creatures vanquished.

Vanquished Creatures (collateral kills)
  Azrael (D:14)
  A deep elf zephyrmancer (Elf:2)
  A deep elf pyromancer (Elf:2)
  2 orc sorcerers (Orc:2)
  7 ugly things (D:14)
  3 elephants (Lair:6)
  A meliai (D:14)
  A hornet (Lair:6)
  A dream sheep (Lair:5)
  A fire elemental (D:14)
  2 vampire mosquitoes (D:14)
  A bullfrog (Lair:2)
  An electric eel (D:13)
  2 jellies (D:8)
  2 orc wizards (Orc:2)
  A gnoll (D:3)
  3 orcs
  4 kobolds (D:7)
35 creatures vanquished.

Vanquished Creatures (others)
  A two-headed ogre (D:11)
  A death yak (Lair:5)
  A dancing weapon (D:14)
  A deep elf zephyrmancer (Elf:2)
  A rime drake (Lair:4)
  A yak (D:10)
  A water elemental (Elf:2)
  A fire elemental (D:14)
  2 orc wizards (Orc:2)
  2 orcs (Orc:2)
  A hobgoblin (D:4)
  A bush (Lair:6)
  75 fungi
  98 plants
187 creatures vanquished.

Grand Total: 988 creatures vanquished

Notes
Turn   | Place    | Note
-------+----------+-------------------------------------------
     0 | D:1      | Lekart the Draconian Chaos Knight began the quest for the
                  | Orb.
     0 | D:1      | Reached XP level 1. HP: 19/19 MP: 1/1
    41 | D:1      | XOM: divination: detect creatures
   438 | D:1      | Found a faded altar of an unknown god.
   615 | D:1      | Reached XP level 2. HP: 26/26 MP: 2/2
   736 | D:1      | XOM: silly message
   788 | D:1      | XOM: silly message
  1152 | D:2      | XOM: divination: detect items
  1174 | D:2      | Reached XP level 3. HP: 24/33 MP: 3/3
  1327 | D:2      | XOM: silly message
  1332 | D:2      | Reached skill level 4 in Fighting
  1446 | D:2      | Noticed a black bear
  1454 | D:2      | Killed a black bear
  1455 | D:2      | Reached skill level 1 in Throwing
  1455 | D:2      | Reached XP level 4. HP: 34/40 MP: 4/4
  1596 | D:2      | Reached XP level 5. HP: 46/46 MP: 5/5
  2131 | D:3      | XOM: silly message
  2193 | D:3      | Found a white marble altar of Elyvilon.
  2212 | D:3      | XOM: silly message
  2364 | D:3      | Found a transporter.
  2364 | D:3      | Found a transporter.
  2569 | D:3      | XOM: silly message
  2580 | D:3      | Noticed Numlok's ghost (weakling DsDe)
  2656 | D:3      | XOM: butterfly on damage
  2796 | D:3      | Killed Numlok's ghost
  3010 | D:4      | Reached XP level 6. HP: 53/53 MP: 6/6
  3044 | D:4      | XOM: polymorph ball python -> gnoll
  3148 | D:4      | Reached skill level 5 in Long Blades
  3168 | D:4      | XOM: confusion (+ monsters)
  3197 | D:4      | Found a staircase to the Ecumenical Temple.
  3399 | Temple   | Entered the Ecumenical Temple
  3516 | D:4      | Found a transporter.
  3646 | D:4      | Noticed Numlok's ghost (weakling DsDe)
  3680 | D:4      | XOM: god gift: leather armour {god gift}
  3703 | D:4      | Found a transporter.
  3749 | D:4      | XOM: divination: magic mapping
  3760 | D:4      | Reached skill level 5 in Fighting
  3760 | D:4      | Reached skill level 1 in Evocations
  3930 | D:5      | Entered Level 5 of the Dungeon
  3936 | D:5      | Your scales start taking on a pale cyan-grey colour.
  3936 | D:5      | Reached XP level 7. HP: 61/61 MP: 7/7
  3936 | D:5      | Gained mutation: You are immune to the effects of steam.
                  | [Pale Draconian growth]
  4080 | D:5      | Identified the +10 rapier of Imbalance {spect, rElec Str+4
                  | Dex+2}
  4182 | D:5      | Reached skill level 1 in Short Blades
  4234 | D:5      | XOM: 2-stop teleportation journey
  4360 | D:5      | Identified the +8 plate armour "Sinap" {Str+7}
  4417 | D:5      | Found a basalt altar of Yredelemnul.
  4543 | D:6      | Found a hazy altar of Hepliaklqana.
  4562 | D:6      | Reached XP level 8. HP: 59/70 MP: 8/8
  4573 | D:6      | XOM: polymorph something unseen -> acid dragon
  4573 | D:6      | XOM: butterfly on damage
  4577 | D:6      | Reached skill level 6 in Fighting
  4630 | D:6      | XOM: noise
  5160 | D:6      | XOM: draining
  5286 | D:7      | XOM: summons 6 friendly demons
  5330 | D:7      | Reached skill level 7 in Fighting
  5478 | D:7      | Found a sparkling altar of Nemelex Xobeh.
  5572 | D:7      | Reached skill level 5 in Dodging
  5646 | D:7      | Found a blossoming altar of Fedhas.
  5656 | D:7      | Found an ornate altar of the Wu Jian Council.
  5663 | D:7      | Found a shadowy altar of Dithmenos.
  5663 | D:7      | Found an ancient bone altar of Kikubaaqudgha.
  5670 | D:7      | Found a broken altar of Ashenzari.
  5963 | D:8      | Reached XP level 9. HP: 79/79 MP: 9/9
  6019 | D:8      | XOM: give mutation
  6019 | D:8      | Gained mutation: You have a pair of small horns on your
                  | head. [Xom's grace]
  6084 | D:8      | Reached skill level 8 in Fighting
  6085 | D:8      | XOM: potion effect (curing)
  6090 | D:8      | Reached skill level 5 in Short Blades
  6379 | D:8      | XOM: summons 5 hostile demons
  6420 | D:8      | Found a runed translucent gate.
  6420 | D:8      | Found a runed translucent gate.
  6420 | D:8      | Found a runed translucent gate.
  6421 | D:8      | Found a viscous altar of Jiyva.
  6421 | D:8      | Noticed Serus's ghost (novice DsGl)
  6435 | D:8      | Found a snail-covered altar of Cheibriados.
  6617 | D:8      | XOM: scenery: summon butterflies
  6620 | D:8      | XOM: summons friendly white imp
  6628 | D:8      | Killed Serus's ghost
  6629 | D:8      | Reached skill level 9 in Fighting
  6633 | D:8      | Killed a large slime creature
  6634 | D:8      | Reached XP level 10. HP: 60/91 MP: 10/10
  6792 | D:9      | Noticed a two-headed ogre
  6797 | D:9      | Killed a two-headed ogre
  6799 | D:9      | Noticed a two-headed ogre
  6803 | D:9      | Killed a two-headed ogre
  6830 | D:9      | XOM: summons 6 hostile demons
  7188 | D:9      | Reached skill level 10 in Fighting
  7393 | D:9      | XOM: stat loss: -1 Int (13/14)
  7549 | D:9      | XOM: torment (48/93 hp)
  7831 | D:9      | XOM: noise
  7877 | D:10     | Entered Level 10 of the Dungeon
  7879 | D:10     | Found a staircase to the Orcish Mines.
  7881 | D:10     | XOM: fog
  7978 | D:9      | XOM is BORED!
  8119 | D:10     | Noticed a two-headed ogre
  8123 | D:10     | Killed a two-headed ogre
  8280 | D:10     | XOM: chaos cloud
  8288 | D:10     | XOM: destruction
  8292 | D:10     | Reached skill level 10 in Short Blades
  8301 | D:10     | XOM: fog
  8310 | D:10     | Reached XP level 11. HP: 67/101 MP: 11/11
  8525 | D:10     | XOM: polymorph yak -> raiju
  8635 | D:9      | XOM: god gift: Xom's Volume of Loss {god gift}
  8685 | D:9      | Got Xom's Volume of Loss {god gift}
  8714 | D:9      | XOM: 2-stop teleportation journey
  8778 | D:9      | XOM: god gift: scroll labelled ROS NULAUWO {god gift}
  9045 | D:9      | XOM: give mutation
  9045 | D:9      | Gained mutation: You are strong-willed. (Will+) [Xom's
                  | mischief]
  9156 | D:10     | XOM: confuse monster(s)
  9158 | D:10     | Reached skill level 11 in Fighting
  9520 | D:10     | XOM: give mutation
  9520 | D:10     | Gained mutation: You are dopey. (Int -2) [Xom's mischief]
  9572 | D:11     | Noticed a five-headed hydra
  9572 | D:11     | Found Xyoddyo's Armour Emporium.
  9579 | D:10     | Killed a five-headed hydra
  9733 | D:10     | XOM: scenery: 4 doors close
  9741 | Orc:1    | Entered Level 1 of the Orcish Mines
  9746 | Orc:1    | Noticed a two-headed ogre
  9766 | D:10     | Killed a two-headed ogre
 10090 | Orc:1    | Noticed an orc sorcerer
 10099 | Orc:1    | Killed an orc sorcerer
 10401 | Orc:1    | Found a runed translucent door.
 10406 | Orc:1    | Found a shimmering altar of Xom.
 10406 | Orc:1    | Noticed Zoha Hau's ghost (journeyman DsAK)
 10408 | Orc:1    | Noticed a +1 broad axe of chaos
 10716 | Orc:2    | XOM: stealth player
 10716 | Orc:2    | Entered Level 2 of the Orcish Mines
 10732 | Orc:2    | Noticed an orc knight
 10733 | Orc:2    | XOM: destruction
 11023 | Orc:1    | XOM: give mutations
 11023 | Orc:1    | Gained mutation: You are resistant to electric shocks.
                  | (rElec) [Xom's grace]
 11023 | Orc:1    | Gained mutation: Your muscles are strong. (Str +2) [Xom's
                  | grace]
 11023 | Orc:1    | Gained mutation: You are agile. (Dex +2) [Xom's grace]
 11023 | Orc:1    | Gained mutation: You are partially covered in large bone
                  | plates. (SH +4) [Xom's grace]
 11031 | Orc:1    | XOM: stat loss: -1 Dex (17/18)
 11054 | Orc:1    | XOM: smoke on damage
 11055 | Orc:1    | Killed an orc knight
 11251 | Orc:1    | XOM is BORED!
 11452 | Orc:2    | Found Ecuit's Armour Boutique.
 11462 | Orc:2    | Bought a +1 cloak of willpower for 264 gold pieces
 11587 | Orc:1    | XOM: 1-stop teleportation journey
 11788 | Orc:1    | XOM: silly message
 11977 | Orc:2    | XOM: polymorph warg -> acid dragon
 11981 | Orc:2    | XOM: fog
 12193 | Orc:2    | Found a staircase to the Elven Halls.
 12193 | Orc:2    | XOM: fake destruction
 12214 | Orc:2    | Reached skill level 12 in Fighting
 12214 | Orc:2    | Reached XP level 12. HP: 107/112 MP: 12/12
 12401 | Orc:2    | Noticed an ogre mage
 12407 | Orc:2    | Killed an ogre mage
 12408 | Orc:2    | Reached skill level 5 in Evocations
 12477 | Orc:2    | XOM: divination: detect creatures
 12481 | Orc:2    | XOM: potion effect (invisibility)
 12526 | Orc:2    | XOM: 1-stop teleportation journey
 12677 | Orc:2    | XOM: 1-stop teleportation journey
 12734 | Orc:2    | XOM: confuse monster(s)
 12782 | Orc:2    | Found Zochoh's Distillery.
 12790 | Orc:2    | Bought a potion of heal wounds for 55 gold pieces
 12790 | Orc:2    | Bought 2 potions of might for 88 gold pieces
 12790 | Orc:2    | Bought a potion of curing for 33 gold pieces
 12803 | Orc:2    | Found a radiant altar of Vehumet.
 12808 | Orc:2    | Noticed an ogre mage
 12816 | Orc:2    | Killed an ogre mage
 12838 | Orc:2    | Noticed Nergalle
 12858 | Orc:2    | Killed Nergalle
 12859 | Orc:2    | Reached skill level 5 in Throwing
 12874 | Orc:2    | Reached skill level 1 in Shields
 12907 | Orc:2    | XOM: destruction
 12910 | Orc:2    | Found an ancient bone altar of Kikubaaqudgha.
 12918 | Orc:2    | XOM is BORED!
 12918 | Orc:2    | XOM: give mutations
 12918 | Orc:2    | Gained mutation: You occasionally shout uncontrollably at
                  | your foes. [Xom's mischief]
 12918 | Orc:2    | Lost mutation: You have a pair of small horns on your head.
                  | [Xom's mischief]
 12918 | Orc:2    | Lost mutation: Your muscles are strong. (Str +2) [Xom's
                  | mischief]
 12931 | Orc:2    | Noticed an ogre mage
 12934 | Orc:2    | Found Gemiughots's Jewellery Boutique.
 12938 | Orc:2    | Found Vihul Duu's Antique Armour Shop.
 12941 | Orc:2    | Killed an ogre mage
 13038 | Orc:2    | Found Diati's Distillery.
 13085 | Orc:2    | Bought a potion of mutation for 112 gold pieces
 13246 | D:11     | Bought a +1 hat for 121 gold pieces
 13367 | D:11     | Bought a +0 buckler for 49 gold pieces
 13418 | D:11     | Noticed a two-headed ogre
 13425 | D:11     | XOM: noise
 13426 | D:11     | XOM: summons friendly shadow imp
 13431 | D:11     | Killed a two-headed ogre
 13485 | D:11     | Found a staircase to the Lair.
 13489 | D:11     | Reached skill level 13 in Fighting
 13619 | D:11     | Noticed a two-headed ogre
 13620 | D:11     | Noticed a seven-headed hydra
 13629 | D:11     | Killed a seven-headed hydra
 13865 | D:11     | XOM: confuse monster(s)
 13893 | D:11     | Noticed a two-headed ogre
 13903 | D:11     | Killed a two-headed ogre
 13912 | D:11     | XOM: noise
 13961 | D:11     | XOM: give mutations
 13961 | D:11     | Gained mutation: You are weak. (Str -2) [Xom's mischief]
 13961 | D:11     | Gained mutation: Your body sometimes deteriorates upon
                  | taking damage. [Xom's mischief]
 14051 | D:11     | XOM: 5-stop teleportation journey
 14447 | D:12     | Noticed a two-headed ogre
 14452 | D:12     | Killed a two-headed ogre
 14453 | D:12     | Reached XP level 13. HP: 98/122 MP: 13/13
 14461 | D:12     | XOM: 1-stop teleportation journey
 14643 | D:12     | Lost mutation: You are resistant to electric shocks.
                  | (rElec) [potion of mutation]
 14643 | D:12     | Lost mutation: You are agile. (Dex +2) [potion of mutation]
 14643 | D:12     | Gained mutation: Your magical capacity is low. (-10% MP)
                  | [potion of mutation]
 14643 | D:12     | Gained mutation: Your tail ends in a venomous barb. [potion
                  | of mutation]
 14789 | D:12     | XOM: divination: magic mapping
 15227 | D:12     | XOM: silly message
 15349 | D:12     | XOM: cloud trail
 15773 | D:13     | XOM: divination: detect items
 15883 | D:13     | XOM: summons friendly shadow imp
 16191 | D:13     | XOM: summons friendly white imp
 16310 | D:13     | XOM: fake destruction
 16848 | D:14     | Noticed Azrael
 16855 | D:14     | XOM: summons 8 friendly demons
 16867 | D:14     | HP: 1/123 [Azrael/damnation (39)]
 16873 | D:14     | Killed Azrael
 16874 | D:14     | Reached skill level 14 in Fighting
 16946 | Lair:1   | Entered Level 1 of the Lair of Beasts
 17289 | Lair:1   | Reached skill level 5 in Shields
 17532 | Lair:1   | Noticed Joseph
 17554 | Lair:1   | Killed Joseph
 17656 | Lair:1   | XOM: noise
 17894 | Lair:1   | XOM: god gift: wand of acid (3)
 17968 | Lair:1   | XOM: noise
 18064 | Lair:1   | You fall into a shaft and drop 1 floor!
 18437 | Lair:2   | XOM: silly message
 18446 | Lair:2   | XOM: cloud trail
 18515 | Lair:2   | XOM: silly message
 18589 | Lair:2   | XOM: noise
 18630 | Lair:2   | XOM: summons friendly quasit
 18637 | Lair:2   | XOM: enchant monster (bad)
 18742 | Lair:2   | XOM: potion effect (might)
 18873 | Lair:2   | XOM: 2-stop teleportation journey
 19290 | Lair:2   | XOM: cast spell 'Summon Cactus Giant'
 19443 | Lair:2   | XOM: give mutation
 19443 | Lair:2   | Gained mutation: Your body often deteriorates upon taking
                  | damage. [Xom's mischief]
 19538 | Lair:3   | XOM: cast spell 'Summon Small Mammal'
 19583 | Lair:3   | XOM: noise
 19599 | Lair:3   | XOM: potion effect (might)
 19665 | Lair:3   | XOM: potion effect (invisibility)
 19669 | Lair:3   | XOM: silly message
 19810 | Lair:3   | Reached XP level 14. HP: 133/133 MP: 12/12
 19864 | Lair:3   | XOM: divination: detect creatures
 19912 | Lair:3   | XOM: confuse monster(s)
 20437 | Lair:4   | Found a frozen archway.
 20437 | Lair:4   | Found a staircase to the Swamp.
 20446 | Lair:3   | XOM: repel stairs
 20490 | Lair:4   | XOM: repel stairs
 20522 | IceCv    | Entered an ice cave
 20527 | IceCv    | XOM: enchant monster (good)
 20720 | IceCv    | XOM: give mutations
 20720 | IceCv    | Gained mutation: You frequently scream uncontrollably at
                  | your foes. [Xom's mischief]
 20720 | IceCv    | Lost mutation: You frequently scream uncontrollably at your
                  | foes. [Xom's mischief]
 20720 | IceCv    | Lost mutation: Your tail ends in a venomous barb. [Xom's
                  | mischief]
 20790 | IceCv    | XOM: summons 1 hostile demon
 20889 | IceCv    | XOM: smoke on damage
 21041 | IceCv    | Noticed a frost giant
 21050 | IceCv    | XOM: enchant monster (bad)
 21052 | IceCv    | Killed a frost giant
 21057 | IceCv    | Reached skill level 15 in Fighting
 21187 | IceCv    | XOM: silly message
 21498 | IceCv    | XOM: summons 3 hostile demons
 21546 | Lair:4   | Found a hole to the Spider Nest.
 21721 | Lair:4   | XOM: destruction
 21735 | Lair:4   | XOM: fog
 21743 | Lair:4   | XOM: cast spell 'Metabolic Englaciation'
 21778 | Lair:4   | XOM: scenery: create altars
 21781 | Lair:4   | XOM: cast spell 'Call Canine Familiar'
 21788 | Lair:4   | XOM: fog
 21792 | Lair:4   | XOM: divination: detect creatures
 21839 | Lair:4   | XOM: 8-stop teleportation journey
 21880 | Lair:4   | Reached skill level 10 in Dodging
 22610 | Lair:5   | XOM: summons 6 friendly demons
 22791 | Lair:5   | XOM: confuse monster(s)
 22798 | Lair:5   | XOM: destruction
 22815 | Lair:5   | XOM: summons 6 friendly demons
 23076 | Lair:5   | XOM: summons 13 friendly demons
 23090 | Lair:5   | XOM: fog
 23191 | Lair:5   | XOM: god gift: book of Weapons
 23242 | Lair:5   | Reached XP level 15. HP: 140/143 MP: 13/13
 23674 | Lair:6   | Entered Level 6 of the Lair of Beasts
 23674 | Lair:6   | XOM: summons friendly quasit
 23685 | Lair:6   | XOM: polymorph yak -> yaktaur
 23690 | Lair:6   | XOM: summons 1 hostile shadow creature
 23751 | Lair:6   | Lost mutation: You occasionally shout uncontrollably at
                  | your foes. [potion of mutation]
 23751 | Lair:6   | Lost mutation: Your magical capacity is low. (-10% MP)
                  | [potion of mutation]
 23751 | Lair:6   | Lost mutation: You are dopey. (Int -2) [potion of mutation]
 23794 | Lair:6   | Reached skill level 16 in Fighting
 23819 | Lair:6   | XOM: enchant monster (bad)
 23902 | Lair:6   | Found a viscous altar of Jiyva.
 23912 | Lair:6   | Found a staircase to the Slime Pits.
 23914 | Lair:6   | XOM is BORED!
 23914 | Lair:6   | XOM: 1-stop teleportation journey
 23925 | Lair:6   | Identified a ring of Suspected Treachery {rF+ Str+6 Dex+3
                  | SInv} (Xom gifted it to you on level 6 of the Lair of
                  | Beasts)
 23925 | Lair:6   | XOM: god gift: ring of Suspected Treachery {rF+ Str+6 Dex+3
                  | SInv}
 23991 | Lair:6   | XOM: give mutation
 23991 | Lair:6   | Gained mutation: You are clumsy. (Dex -2) [Xom's mischief]
 24046 | Lair:6   | XOM: swap monsters
 24059 | Lair:6   | XOM: confuse monster(s)
 24178 | Lair:6   | XOM: god gift: flail {god gift}
 24614 | Lair:6   | XOM: 1-stop teleportation journey
 24619 | Lair:6   | XOM: swap monsters
 24706 | Lair:6   | XOM: smoke on damage
 24907 | Lair:6   | XOM: give mutations
 24907 | Lair:6   | Gained mutation: You possess an exceptional clarity of
                  | mind. [Xom's mischief]
 24907 | Lair:6   | Gained mutation: You are very weak. (Str -4) [Xom's
                  | mischief]
 24919 | Lair:6   | XOM: draining
 25037 | Lair:6   | XOM: stat loss: -1 Str (19/21)
 25311 | Lair:6   | XOM: draining
 25559 | D:11     | Identified the +9 mace "Goill" {speed, rF+ rN+ Str+2}
 25621 | D:14     | XOM: give mutations
 25621 | D:14     | Lost mutation: You are strong-willed. (Will+) [Xom's
                  | mischief]
 25621 | D:14     | Gained mutation: You sometimes lose the ability to read
                  | scrolls when taking damage. [Xom's mischief]
 25621 | D:14     | Gained mutation: Your spells are a little easier to cast,
                  | but a little less powerful. [Xom's mischief]
 25621 | D:14     | Lost mutation: Your body often deteriorates upon taking
                  | damage. [Xom's mischief]
 25622 | D:14     | XOM: polymorph unseen horror -> shapeshifter
 25684 | D:14     | XOM: fog
 25837 | D:14     | Found a gate to the Vaults.
 25845 | D:14     | Identified the +0 cloak "Diusmo" {rN+}
 25872 | D:14     | Noticed Rupert
 25933 | D:14     | Killed Rupert
 26015 | D:14     | XOM: 2-stop teleportation journey
 26038 | D:14     | Reached skill level 10 in Shields
 26045 | D:14     | XOM: scenery: 1 doors open
 26440 | D:14     | Found the +6 arbalest "Damnation" {damnation}
 26452 | D:14     | Reached skill level 17 in Fighting
 26873 | D:14     | XOM: give mutations
 26873 | D:14     | Lost mutation: You possess an exceptional clarity of mind.
                  | [Xom's mischief]
 26873 | D:14     | Gained mutation: You have very sharp teeth. [Xom's
                  | mischief]
 26979 | D:14     | XOM: divination: detect creatures
 26987 | D:14     | Lost mutation: Your spells are a little easier to cast, but
                  | a little less powerful. [potion of mutation]
 26987 | D:14     | Lost mutation: You are partially covered in large bone
                  | plates. (SH +4) [potion of mutation]
 26987 | D:14     | Lost mutation: Your body sometimes deteriorates upon taking
                  | damage. [potion of mutation]
 26987 | D:14     | Gained mutation: You passively dampen the noise of your
                  | surroundings. [potion of mutation]
 27028 | D:15     | Entered Level 15 of the Dungeon
 27028 | D:15     | Found Ohill's Jewellery Shop.
 27058 | D:15     | XOM: summons friendly quasit
 27078 | D:14     | XOM: potion effect (heal wounds)
 27081 | D:14     | Reached skill level 1 in Crossbows
 27752 | D:15     | XOM: noise
 27759 | D:14     | Reached XP level 16. HP: 114/155 MP: 11/16
 27928 | D:14     | XOM: noise
 28012 | D:14     | XOM: summons 9 hostile demons
 28015 | D:14     | XOM: give mutations
 28015 | D:14     | Gained mutation: You are frail. (-10% HP) [Xom's mischief]
 28015 | D:14     | Lost mutation: You are clumsy. (Dex -2) [Xom's mischief]
 28015 | D:14     | Lost mutation: You are frail. (-10% HP) [Xom's mischief]
 28144 | D:14     | XOM: draining
 28575 | D:15     | XOM: smoke on damage
 28854 | D:15     | XOM: silly message
 28863 | D:15     | Found an ancient bone altar of Kikubaaqudgha.
 28979 | D:15     | Found a staircase to the Depths.
 28997 | D:15     | Reached skill level 15 in Short Blades
 29050 | D:15     | Lost mutation: You are very weak. (Str -4) [potion of
                  | mutation]
 29050 | D:15     | Lost mutation: You passively dampen the noise of your
                  | surroundings. [potion of mutation]
 29050 | D:15     | Lost mutation: You are weak. (Str -2) [potion of mutation]
 29050 | D:15     | Lost mutation: You sometimes lose the ability to read
                  | scrolls when taking damage. [potion of mutation]
 29050 | D:15     | Gained mutation: A frigid envelope surrounds you and
                  | freezes all who hurt you. [potion of mutation]
 29050 | D:15     | Gained mutation: You are weak. (Str -2) [potion of
                  | mutation]
 29298 | Elf:1    | Entered Level 1 of the Elven Halls
 29318 | Elf:1    | XOM: enchant monster (good)
 29320 | Elf:1    | XOM: cast spell 'Death Channel'
 29323 | Elf:1    | XOM: scenery: 1 doors close
 29325 | Elf:1    | Noticed a Hell Sentinel
 29326 | Elf:1    | XOM: confuse monster(s)
 29397 | Elf:1    | XOM: enchant monster (good)
 29421 | Elf:1    | XOM: give mutations
 29421 | Elf:1    | Gained mutation: Your flesh is cold resistant. (rC+) [Xom's
                  | grace]
 29421 | Elf:1    | Gained mutation: You are robust. (+10% HP) [Xom's grace]
 29421 | Elf:1    | Gained mutation: Your spells are a little harder to cast,
                  | but a little more powerful. [Xom's grace]
 29421 | Elf:1    | Gained mutation: You expend magic power (3 MP) to
                  | strengthen your wands. [Xom's grace]
 29605 | Elf:1    | Got the Reference Book on the Escort
 29633 | Elf:1    | Learned a level 2 spell: Wereblood
 29814 | Elf:1    | Reached skill level 1 in Transmutations
 29895 | Elf:1    | Reached skill level 1 in Spellcasting
 30400 | Elf:1    | XOM: 1-stop teleportation journey
 31183 | Elf:2    | XOM: cast spell 'Summon Small Mammal'
 31254 | Elf:2    | Found a runed translucent door.
 31254 | Elf:2    | Found a shimmering altar of Xom.
 31254 | Elf:2    | Noticed Kerestru's ghost (adept GrFi)
 31281 | Elf:2    | XOM: chaos upgrade
 31354 | Elf:2    | XOM: scenery: create altars
 31482 | Elf:2    | XOM: chaos cloud
 31560 | Elf:2    | XOM: chaos cloud
 31561 | Elf:2    | Found a runed translucent gate.
 31561 | Elf:2    | Found a runed translucent gate.
 31561 | Elf:2    | Found a runed translucent gate.
 31561 | Elf:2    | XOM: 4-stop teleportation journey
 31642 | Elf:2    | XOM: summons 9 friendly demons
 31652 | Elf:2    | XOM: give mutation
 31652 | Elf:2    | Lost mutation: You are weak. (Str -2) [Xom's mischief]
 31655 | Elf:2    | XOM: draining
 31966 | Elf:2    | XOM: smoke on damage
 31971 | Elf:2    | XOM: silly message
 31992 | Elf:2    | Mangled by a +4 glaive of protection

Illustrated notes

Levels and vault maps discovered:
D:1:      evilmike_arrival_crescent, layout_loops_corners,
          shapermc_ecumenical_altar_hornbeckon
D:2:      layout_loops_ring, serial_aquarium, aquarium_bridge_long_joined
          [aquarium_subvault_bridge, aquarium_subvault_bridge,
          aquarium_subvault_bridge, aquarium_subvault_window,
          aquarium_subvault_wall, aquarium_subvault_bridge],
          aquarium_window_corridor_3, aquarium_window_fake,
          aquarium_window_fake, aquarium_view_2a, aquarium_balcony_3a,
          aquarium_pool_2
D:3:      layout_rooms, elyvilon_altar_1, gammafunk_ghost_gnarly_gnolls,
          minmay_misc_feat_alley
D:4:      layout_basic, temple_statues, gammafunk_ghost_stat_death,
          minmay_diced_spiral
D:5:      layout_rooms, lemuel_coloured_pillars_altar
D:6:      layout_rooms, mainiacjoe_overflow_small_starburst, serial_rivers,
          chequers_serial_rivers_room_a, chequers_serial_rivers_micro_c,
          chequers_serial_rivers_small_b, chequers_serial_rivers_micro_a
D:7:      layout_basic, nicolae_overflow_hallway_of_the_gods,
          mainiacjoe_overflow_brackets
D:8:      hellmonk_ruined_rings, layout_cave_pools, lemuel_crystal_altar,
          gammafunk_ghost_ooze
D:9:      layout_roguey
D:10:     layout_irregular_city, orc_0_dummy
D:11:     layout_basic, due_lair_maze_entry_diamond, serial_shops,
          nicolae_shop_waterfront
D:12:     layout_loops_ring
D:13:     layout_gridville, fountainhead
D:14:     layout_roguey, david_vaults_5, nicolae_cairo_tiling_very_big,
          hellmonk_guarded_unrand_damnation, uniq_azrael, uniq_rupert
D:15:     hangedman_depths_entry_civil_slaughter, layout_cave_pools,
          nicolae_kikubaaqudgha_miasma_corner, serial_shops,
          nicolae_shop_statue_plus, hive_lemuel
Temple:   nicolae_temple_hex_pool
Lair:1:   layout_regular_city, nicolae_volcano_entry_vermiform,
          fungi_pond_lemuel, uniq_joseph
Lair:2:   layout_regular_city, serial_forest, infiniplex_forest_diagonal,
          infiniplex_forest_end_1, infiniplex_forest_clump_cross,
          infiniplex_forest_end_1, serial_bayou_crossing,
          infiniplex_staircase_pool_2
Lair:3:   layout_hall_layers, st_stairs_9, hibernation_bobbens,
          grunt_megastairs_5
Lair:4:   layout_cave_pods, minmay_swamp_entry_reptiles, spider_nest_entry_webs,
          portal_ice_cave_entry_imps, nicolae_lair_lakeside_cave
Lair:5:   layout_gridlike, grunt_megastairs_3
Lair:6:   minmay_lair_end_enchanted_forest, layout_loops_ring, slime_altar_1,
          grunt_megastairs_2
Orc:1:    layout_caves, ebering_ghost_xom
Orc:2:    kennysheep_orc_mage_school, layout_diamond_mine, serial_shops,
          nicolae_lakefront_shop
Elf:1:    layout_geoelf_octagon, minmay_elf_demonology
Elf:2:    nicolae_elf_blades_crystal_corner, layout_rooms, ebering_ghost_xom,
          serial_sigils_hangedman_shear, minmay_fountain_box, corner_web_ring,
          kilobyte_rumbling_trees

Skill      XL: |  1  2  3  4  5  6  7  8  9 10 11 12 13 14 15 16 |
---------------+-------------------------------------------------+-----
Fighting       | 4 5 7 9 10 12 13 14 15 17 | 17.6
Long Blades    | 4 5 6 7 |  7.3
Throwing       | 1 2 3 4 5 7 8 |  8.2
Dodging        | 3 4 5 6 7 8 9 10 11 | 11.1
Evocations     | 1 2 3 4 5 6 |  6.2
Short Blades   | 1 3 7 10 11 12 13 14 15 | 15.0
Shields        | 3 5 8 10 11 | 11.8
Crossbows      | 2 3 |  3.1
Transmutations | 4 |  4.8
Spellcasting   | 4 |  4.4

Action                   |  1- 3 |  4- 6 |  7- 9 | 10-12 | 13-15 | 16-18 || total
-------------------------+-------+-------+-------+-------+-------+-------++-------
Melee: Falchion          |    66 |   114 |    33 |       |       |       ||   213
       Tailslap          |     7 |    16 |    24 |    71 |   203 |    39 ||   360
       Punch             |       |     2 |     1 |     4 |       |       ||     7
       Rapier            |       |       |   130 |   336 |   911 |   203 ||  1580
       Headbutt          |       |       |     9 |    66 |       |       ||    75
       Scimitar          |       |       |       |       |    28 |       ||    28
       Bite              |       |       |       |       |     5 |    31 ||    36
 Fire: Arbalest          |       |       |       |       |    42 |     4 ||    46
Throw: Dart              |    29 |    27 |     8 |    48 |   170 |    11 ||   293
       Throwing net      |       |     2 |       |       |       |       ||     2
 Abil: Breathe Steam     |       |       |     6 |    34 |    17 |     6 ||    63
Evoke: Piece from Xom's  |     2 |       |       |     3 |       |       ||     5
       Wand              |       |    16 |     2 |    32 |     7 |       ||    57
       Condenser vane    |       |       |       |       |     2 |       ||     2
       Phantom mirror    |       |       |       |       |     1 |     1 ||     2
       Phial of floods   |       |       |       |       |     1 |       ||     1
  Use: Scroll            |       |    13 |     5 |     8 |    18 |     2 ||    46
       Potion            |       |     4 |     1 |     1 |     9 |     1 ||    16
 Stab: Invisible         |       |     1 |       |       |     1 |       ||     2
       Held in net/web   |       |     1 |       |       |       |       ||     1
       Sleeping          |       |     1 |     1 |       |       |     4 ||     6
       Paralysed         |       |       |     3 |       |       |       ||     3
       Distracted        |       |       |     1 |     3 |    19 |     5 ||    28
       Confused          |       |       |       |     3 |     1 |       ||     4
       Petrifying        |       |       |       |       |       |     1 ||     1
Armor: Skin              |    30 |    33 |    52 |    93 |   182 |    38 ||   428
Dodge: Dodged            |    51 |    88 |    88 |   204 |   299 |    84 ||   814
Block: Other             |       |       |       |    22 |     8 |     4 ||    34
       Reflection        |       |       |       |     1 |    26 |    14 ||    41
       Buckler           |       |       |       |    34 |   236 |       ||   270
       Kite shield       |       |       |       |       |   344 |    98 ||   442

Table legend: (Time is in decaauts)
 A = Elapsed time spent in this place.
 B = Non-inter-level travel time spent in this place.
 C = Inter-level travel time spent in this place.
 D = Time resting spent in this place.
 E = Time spent auto-exploring this place.
 F = Levels seen in this place.
 G = Mean time per level.
                   A        B        C        D        E       F      G
               +--------+--------+--------+--------+--------+-----+--------+
         Total |  31455 |  30065 |   1390 |   6962 |  17511 |  27 | 1165.0 |
       Dungeon |  17738 |  16941 |    797 |   4508 |   9502 |  15 | 1182.5 |
        Temple |     92 |     72 |     20 |      0 |     62 |   1 |   92.0 |
          Lair |   7126 |   6779 |    347 |    416 |   5168 |   6 | 1187.7 |
  Orcish Mines |   2984 |   2796 |    188 |   1010 |   1055 |   2 | 1492.0 |
   Elven Halls |   2571 |   2535 |     36 |    672 |   1461 |   2 | 1285.5 |
      Ice Cave |    942 |    942 |      0 |    356 |    262 |   1 |  942.0 |
               +--------+--------+--------+--------+--------+-----+--------+

Top non-repeatable levels by time:
    D:14: 2801 daAuts
    D:10: 1780 daAuts
     D:9: 1779 daAuts
  Lair:6: 1594 daAuts
   Elf:1: 1545 daAuts
   Orc:2: 1536 daAuts
  Lair:1: 1448 daAuts
   Orc:1: 1447 daAuts
    D:12: 1401 daAuts
    D:11: 1324 daAuts
  Lair:4: 1125 daAuts
     D:1: 1061 daAuts
  Lair:5: 1059 daAuts
   Elf:2: 1025 daAuts
    D:13: 994 daAuts
